Map: 中心协议

Players

Quail - Winner!

  • Race: Protoss Protoss
  • League: Diamond

lsei

  • Race: Zerg Zerg
  • League: Diamond

VOD

Have the link to the VOD?

Description

Time

  • Played on: Dec. 4, 2015, 10:12 a.m.
  • Length: 15:07
Show
View Real Time Build Order
Export as new Build Order

Quail Protoss - Winner!

Build Orders: 1 Gate Expand, Oracle Opening 

Get SALT Encoding   

  12  0:00  Probe (Chrono Boost)  
  13  0:11  Probe (Chrono Boost)  
  14  0:18  Pylon  
  14  0:22  Probe (Chrono Boost)  
  15  0:36  Probe (Chrono Boost)  
  15  0:40  Gateway  
  16  0:46  Probe (Chrono Boost)  
  17  0:55  Assimilator  
  18  0:57  Probe (Chrono Boost)  
  18  1:07  Probe (Chrono Boost)  
  19  1:21  Nexus  
  19  1:31  Cybernetics Core  
  19  1:36  Probe (Chrono Boost)  
  20  1:43  Pylon  
  20  1:47  Probe (Chrono Boost)  
  21  1:57  Probe (Chrono Boost)  
  22  2:04  Assimilator  
  22  2:08  Probe (Chrono Boost), Adept  
  25  2:18  Probe (Chrono Boost)  
  26  2:29  Probe (Chrono Boost)  
  27  2:34  Mothership Core (Chrono Boost)  
  27  2:35  Stalker  
  31  2:39  Probe (Chrono Boost)  
  32  2:50  Probe (Chrono Boost)  
  33  2:52  Probe (Chrono Boost)  
  33  2:53  Gateway  
  33  2:56  Stargate  
  34  3:00  Probe (Chrono Boost)  
  34  3:04  Probe (Chrono Boost)  
  35  3:11  Probe (Chrono Boost)  
  36  3:14  Probe (Chrono Boost)  
  37  3:21  Probe (Chrono Boost)  
  37  3:25  Probe (Chrono Boost)  
  37  3:27  Gateway  
  37  3:30  Gateway  
  37  3:32  Probe (Chrono Boost)  
  38  3:36  Pylon  
  38  3:41  Oracle  
  38  3:44  Warp Gate  
  38  3:45  Probe (Chrono Boost)  
  42  3:49  Probe (Chrono Boost)  
  43  3:56  Probe (Chrono Boost)  
  43  3:57  Stalker  
  43  3:59  Probe (Chrono Boost)  
  43  4:00  Adept  
  49  4:06  Probe (Chrono Boost)  
  50  4:11  Probe (Chrono Boost), Pylon  
  50  4:13  Assimilator  
  50  4:15  Adept  
  53  4:20  Probe (Chrono Boost)  
  54  4:25  Pylon  
  54  4:29  Sentry  
  54  4:30  Pylon  
  56  4:33  Stalker  
  56  4:34  Assimilator  
  56  4:36  Probe (Chrono Boost)  
  56  4:37  Probe (Chrono Boost)  
  60  4:42  Pylon  
  60  4:47  Probe (Chrono Boost)  
  61  4:58  Stalker  
  61  4:59  Void Ray  
  67  5:01  Adept  
  67  5:03  Probe x2 (Chrono Boost)  
  71  5:09  Pylon  
  71  5:12  Stalker  
  73  5:27  Gateway  
  73  5:29  Gateway  
  73  5:32  Pylon  
  73  5:36  Stargate  
  73  5:44  Void Ray  
  77  5:59  Adept x3  
  77  6:01  Nexus  
  83  6:09  Forge  
  83  6:12  Pylon  
  83  6:14  Pylon  
  83  6:17  Adept  
  85  6:19  Void Ray  
  89  6:27  Pylon  
  89  6:40  Adept  
  89  6:41  Adept x3  
  97  6:47  Protoss Ground Armor Level 1  
  97  6:50  Void Ray, Protoss Air Weapons Level 1  
  101  6:58  Robotics Facility  
  101  7:02  Photon Cannon  
  101  7:05  Photon Cannon  
  101  7:11  Probe x2 (Chrono Boost)  
  103  7:21  Fleet Beacon, Probe x2 (Chrono Boost)  
  105  7:27  Probe (Chrono Boost)  
  106  7:32  Probe x2 (Chrono Boost)  
  106  7:35  Adept x3  
  114  7:43  Twilight Council  
  113  7:56  Adept x3  
  113  7:57  Adept x2  
  123  7:59  Probe x2 (Chrono Boost)  
  123  8:02  Assimilator  
  125  8:07  Assimilator  
  125  8:10  Pylon  
  125  8:13  Tempest  
  125  8:16  Observer (Chrono Boost)  
  130  8:29  Tempest  
  131  8:35  Adept x3  
  131  8:36  Warp Prism (Chrono Boost)  
  139  8:50  Resonating Glaives  
  139  8:51  Adept  
  141  9:00  Pylon  
  141  9:02  Pylon  
  141  9:13  Nexus  
  141  9:17  Tempest  
  141  9:18  Tempest  
  141  9:20  Probe  
  141  9:21  Probe  
  141  9:22  Probe  
  152  9:31  Probe x2  
  152  9:34  Probe  
  151  9:40  Adept x2  
  151  9:41  Adept x4  
  87  10:00  Tempest, Void Ray  
  87  10:02  Adept  
  87  10:03  Adept x2  
  95  10:21  Probe x2  
  95  10:22  Probe, Stargate  
  95  10:27  Probe  
  98  10:31  Probe x2  
  98  10:34  Probe, Adept x3  
  104  10:52  Carrier (Chrono Boost)  
  100  10:57  Adept x2  
  100  10:58  Adept x4  
  116  11:05  Void Ray (Chrono Boost)  
  116  11:08  Void Ray (Chrono Boost)  
  116  11:12  Mothership Core  
  118  11:19  Stalker x5  
  120  11:36  Adept  
  118  11:44  Dark Shrine  
  124  11:47  Gateway  
  124  11:48  Gateway  
  124  11:50  Gateway  
  124  11:53  Void Ray (Chrono Boost)  
  128  11:56  Probe, Carrier (Chrono Boost)  
  128  11:57  Probe  
  128  11:58  Probe x2  
  118  12:10  Adept x2  
  118  12:11  Adept x2  
  104  12:29  Tempest (Chrono Boost)  
  108  12:30  Adept x2  
  108  12:35  Void Ray (Chrono Boost)  
  116  12:50  Stalker x4  
  122  13:05  Adept x3  
  126  13:16  Dark Templar x2  
  130  13:33  Adept x3  
  140  13:43  Carrier (Chrono Boost)  
  140  13:45  Adept x4  
  146  13:53  Dark Templar  
  146  13:56  Archon  
  146  13:57  Dark Templar  
  146  14:01  Archon  
  146  14:02  Adept x3  
  152  14:05  Probe  
  152  14:06  Probe x2  
  157  14:10  Assimilator  
  157  14:13  Adept x2  
  157  14:14  Assimilator  
  157  14:16  Observer  
  162  14:27  Adept  
  162  14:28  Adept  
  170  14:35  Adept  
  172  14:45  Pylon  
  168  14:55  Adept x2  
Show
View Real Time Build Order
Export as new Build Order

lsei Zerg 

Build Orders: Hatch First 

Get SALT Encoding   

  12  0:01  Drone  
  13  0:12  Overlord  
  13  0:17  Drone  
  14  0:31  Drone x2  
  14  0:35  Drone  
  17  0:54  Hatchery  
  16  0:57  Drone  
  17  1:12  Spawning Pool  
  17  1:13  Drone  
  17  1:15  Extractor  
  16  1:19  Drone  
  16  1:23  Drone  
  18  1:31  Drone  
  19  1:42  Drone  
  20  1:53  Drone  
  21  2:02  Overlord  
  21  2:05  Queen  
  21  2:07  Queen  
  25  2:08  Drone  
  26  2:18  Drone  
  26  2:20  Drone  
  28  2:26  Drone  
  28  2:28  Drone  
  30  2:34  Drone  
  30  2:35  Metabolic Boost  
  31  2:38  Drone  
  32  2:46  Queen  
  32  2:50  Zergling x4  
  36  2:57  Overlord  
  36  3:07  Overlord  
  35  3:23  Drone x3  
  35  3:24  Drone  
  35  3:26  Lair  
  39  3:31  Roach Warren, Drone  
  39  3:37  Drone x3  
  39  3:38  Drone  
  39  3:40  Extractor  
  39  3:41  Overlord  
  42  3:52  Drone  
  42  3:53  Drone  
  42  3:54  Drone  
  45  4:02  Spore Crawler, Drone  
  45  4:05  Drone x4  
  45  4:07  Extractor  
  48  4:19  Hatchery  
  48  4:20  Drone  
  48  4:32  Drone  
  48  4:33  Glial Reconstitution  
  48  4:34  Extractor  
  48  4:35  Overlord x2  
  48  4:37  Roach x5  
  48  4:38  Roach  
  59  4:46  Spore Crawler  
  59  4:51  Drone x3  
  56  5:04  Drone x2  
  56  5:05  Drone  
  59  5:21  Drone  
  60  5:22  Drone  
  60  5:23  Drone x2  
  63  5:33  Evolution Chamber x2  
  61  5:37  Drone  
  62  5:42  Spire  
  62  5:44  Drone x2  
  62  5:46  Roach x5  
  73  5:59  Zerg Missile Weapons Level 1, Zerg Ground Armor Level 1  
  73  6:04  Hydralisk Den  
  73  6:05  Drone  
  73  6:06  Drone x3  
  73  6:07  Roach  
  73  6:08  Roach x2  
  73  6:09  Overlord x2  
  82  6:12  Overseer  
  82  6:16  Pneumatized Carapace  
  82  6:29  Spore Crawler  
  82  6:30  Infestation Pit  
  80  6:35  Roach x5  
  86  6:43  Roach  
  88  7:01  Muscular Augments  
  88  7:03  Overlord x4  
  88  7:05  Zergling x2  
  88  7:06  Zergling x14  
  88  7:07  Ravager  
  88  7:08  Ravager  
  98  7:18  Zerg Flyer Weapons Level 1  
  98  7:27  Hydralisk, Roach x5  
  110  7:34  Roach x4  
  110  7:35  Drone x4  
  114  7:48  Ravager x4  
  106  7:59  Drone x3  
  106  8:00  Drone  
  106  8:01  Drone x2  
  106  8:03  Spore Crawler  
  111  8:15  Hydralisk  
  111  8:16  Hydralisk x4  
  121  8:21  Overlord  
  121  8:22  Overlord  
  121  8:23  Overlord x2  
  120  8:29  Drone  
  120  8:32  Overlord x3, Extractor  
  120  8:37  Hive  
  120  8:38  Zerg Missile Weapons Level 2  
  120  8:45  Zerg Ground Armor Level 2  
  120  8:53  Hydralisk x3  
  122  9:07  Zergling x2  
  122  9:08  Zergling x16  
  129  9:27  Roach  
  129  9:28  Roach x6  
  108  9:59  Hydralisk  
  100  10:00  Hydralisk x5  
  108  10:18  Ravager  
  108  10:19  Ravager x5  
  114  10:21  Hatchery  
  113  10:31  Overseer  
  105  10:49  Ravager  
  103  10:50  Ravager x3  
  76  11:15  Roach  
  76  11:16  Roach x6  
  86  11:32  Drone x2  
  87  11:33  Drone  
  88  11:46  Drone x2, Queen  
  92  11:51  Drone, Queen  
  95  11:56  Drone x3  
  73  12:23  Corruptor x4  
  77  12:30  Drone x2  
  77  12:34  Drone x2  
  80  12:49  Drone x2  
  82  13:00  Drone x2  
  82  13:01  Drone x4  
  82  13:05  Extractor  
  87  13:13  Zerg Flyer Armor Level 1  
  87  13:16  Hatchery  
  81  13:28  Spine Crawler  
  81  13:31  Spine Crawler  
  75  13:56  Drone  
  75  13:57  Drone  
  75  13:58  Drone x5  
  75  14:01  Viper x4  
  94  14:05  Drone x2  
  94  14:07  Drone  
  97  14:37  Drone x5  
  102  14:38  Drone  
  102  14:39  Drone x7  
Tags
 
Add a new tag
Caveats
  • Supply blocks, unpowered buildings, or Contaminate may cause inaccurate times.
  • Supply counts are checked every 10 seconds.